 Dungeon Crawl Stone Soup version 0.31-a0-1278-g11c5b68f87 (webtiles) character file.

Game seed: 2764797108702746769

243 grandjackal the Trooper (level 6, 0/33 HPs)
             Began as a Vine Stalker Fighter on Dec 17, 2023.
             Was a Follower of Trog.
             Slain by an ogre
             ... wielding a +0 giant club
              (15 damage)
             ... on level 4 of the Dungeon.
             The game lasted 00:02:28 (2505 turns).

grandjackal the Trooper (Vine Stalker Fighter)      Turns: 2505, Time: 00:02:29

Health: 0/33       AC:  7    Str: 19    XL:     6   Next: 9%
Magic:  0/7        EV:  9    Int:  8    God:    Trog [*.....]
Gold:   242        SH:  5    Dex: 15    Spells: 5/5 levels left

rFire   . . .        p - +2 dagger (venom)
rCold   . . .        c - +0 buckler
rNeg    . . .        b - +0 scale mail
rPois   .            (no helmet)
rElec   .            x - +0 cloak
rCorr   .            (no gloves)
SInv    .            (no boots)
Will    .....        (no amulet) Stlth
                     (no ring)
HPRegen 1.05/turn    (no ring)
MPRegen 0.10/turn

%: guardian spirit
@: no status effects
A: fangs 2, regeneration 1, magic shield, antimagic bite, no potion heal 2
a: Renounce Religion, Berserk


You were on level 4 of the Dungeon.
You worshipped Trog.
Trog was aware of your devotion.
You visited 1 branch of the dungeon, and saw 4 of its levels.

You collected 242 gold pieces.

Inventory:

Hand Weapons
 a - a +0 long sword
 p - a +2 dagger of venom (weapon)
Armour
 b - a +0 scale mail (worn)
 c - a +0 buckler (worn)
 x - a +0 cloak (worn)
Jewellery
 s - a ring of resist corrosion
Scrolls
 e - a scroll of vulnerability {unknown}
 f - 2 scrolls of noise {unknown}
 h - a scroll of immolation {unknown}
 m - a scroll of fog {unknown}
 o - 3 scrolls of identify {unknown}
 q - 2 scrolls of teleportation {unknown}
 r - a scroll of enchant armour {unknown}
 t - a scroll of torment {unknown}
 v - a scroll of enchant weapon {unknown}
 w - a scroll of revelation {unknown}
 y - a scroll of amnesia {unknown}
Potions
 d - 2 potions of might
 g - a potion of heal wounds {unknown}
 i - a potion of curing {unknown}
 j - a potion of enlightenment {unknown}
 k - 2 potions of lignification {unknown}
 l - 2 potions of mutation {unknown}
 n - a potion of brilliance {unknown}
 u - a potion of haste {unknown}
 z - a potion of invisibility {unknown}


   Skills:
 + Level 4.1 Fighting
 + Level 3.5 Long Blades
 - Level 2.4 Armour
 - Level 4.0 Shields


You had 5 spell levels left.
You didn't know any spells.
Your spell library was empty.

Dungeon Overview and Level Annotations

Branches:
Dungeon (4/15)             Temple (0/1) D:4

Altars:
Sif Muna
Trog
Uskayaw
Xom
Yredelemnul

Shops:
D:1 (   D:3 (


Innate Abilities, Weirdness & Mutations

You have extremely sharp teeth.
Your natural rate of healing is unusually fast.
When hurt, damage is shared between your health and your magic reserves.
Your bite disrupts and absorbs the magic of your enemies.
Potions cannot restore your health.


Message History

The scorpion is severely wounded.
You feel sick. The scorpion barely misses you.
You hit the scorpion.
You kill the scorpion!
Trog accepts your kill.
You feel sick.
Your Fighting skill increases to level 4!
Your Shields skill increases to level 4!
You have reached level 6!
You hit the endoplasm. You bite the endoplasm.
You kill the endoplasm!
Trog accepts your kill.
You feel sick.
No target in view!
No target in view!
You feel sick.
You feel sick.
You feel sick.
You feel sick.
You are no longer poisoned.
Found a hound corpse.
Found 6 stones and a gnoll corpse.
y - a scroll labelled ODUOZO ITTU You see here a goblin corpse.
z - a bubbling emerald potion
Found a stone staircase leading down.
An ogre comes into view. It is wielding a +0 giant club.
Found a basalt altar of Yredelemnul.
You barely miss the ogre. The ogre hits you with a +0 giant club!
You hit the ogre. You bite the ogre, but do no damage.
The ogre is lightly wounded.
You barely miss the ogre.
The ogre is lightly wounded.
The ogre hits you with a +0 giant club!
You are too injured to fight recklessly!
You are too injured to fight recklessly!
You hit the ogre.
The ogre is poisoned.
The ogre is moderately wounded.
The ogre hits you with a +0 giant club!!
You die...

#...#.....†.#
#.#.#..†..†.###
#.#....._.....##
#.###(..†...#..#
#.# #......†##.####
#.# #.....†.#......
#.######.##########
##.#.......
#..@O######
#............
#........#.#.
#.##......_ #>
#######.# # .. .


You could see an ogre (very poisoned).

Vanquished Creatures
  A scorpion (D:4)
  An orc priest (D:3)
  An iguana (D:3)
  An orc wizard (D:2)
  2 adders
  A worm (D:3)
  A dart slug (D:1)
  14 orcs
  4 ball pythons
  4 bats
  7 endoplasms
  3 giant cockroaches
  4 goblins
  6 hobgoblins
  3 jackals (D:3)
  3 frilled lizards (D:1)
  5 kobolds
  5 rats
66 creatures vanquished.

Notes
Turn   | Place    | Note
-------+----------+-------------------------------------------
     0 | D:1      | grandjackal the Vine Stalker Fighter began the quest for
                  | the Orb.
     0 | D:1      | Reached XP level 1. HP: 11/11 MP: 2/2
   102 | D:1      | Found Urusorod's Antique Weapon Shop.
   222 | D:1      | Reached XP level 2. HP: 16/16 MP: 3/3
   963 | D:2      | Reached XP level 3. HP: 20/20 MP: 4/4
  1389 | D:3      | Found a shimmering altar of Xom.
  1418 | D:2      | Reached XP level 4. HP: 5/24 MP: 5/5
  1487 | D:3      | Found a bloodstained altar of Trog.
  1506 | D:3      | Found a shimmering blue altar of Sif Muna.
  1517 | D:3      | Became a worshipper of Trog the Wrathful
  1682 | D:3      | Reached XP level 5. HP: 28/28 MP: 6/6
  1685 | D:3      | Found Joumu's Weapon Shoppe.
  2148 | D:4      | Reached * piety under Trog
  2212 | D:4      | Found a staircase to the Ecumenical Temple.
  2457 | D:4      | Found a hide-covered altar of Uskayaw.
  2462 | D:4      | Reached XP level 6. HP: 26/33 MP: 7/7
  2500 | D:4      | Found a basalt altar of Yredelemnul.
  2505 | D:4      | Slain by an ogre

Illustrated notes

Levels and vault maps discovered:
D:1:      dpeg_arrival_solitude, layout_basic, serial_shops,
          nicolae_shop_waterfront, minmay_misc_feat_ornament
D:2:      layout_basic
D:3:      layout_rooms, mainiacjoe_overflow_boulevard,
          nicolae_overflow_crystal_walls, amcnicky_altar_gilded, serial_shops,
          nicolae_shop_hallway_plus, minmay_checkerbox
D:4:      layout_basic, mainiacjoe_overflow_alcove_1,
          nicolae_uskayaw_murder_on_the_dancefloor, lemuel_crystal_altar,
          temple_doors_e

Skill      XL: |  1  2  3  4  5 |
---------------+----------------+-----
Long Blades    | 2 3 |  3.5
Fighting       | 3 4 |  4.1
Shields        | 3 4 |  4.0
Armour         | |  2.4

Action                     |  1- 3 |  4- 6 || total
---------------------------+-------+-------++-------
  Melee: Long sword        |    86 |       ||    86
         Bite              |    15 |    31 ||    46
         Dagger            |       |   102 ||   102
 Armour: Scale mail        |    59 |    53 ||   112
  Dodge: Dodged            |    41 |    42 ||    83
  Block: Buckler           |    21 |    18 ||    39

Table legend: (Time is in decaauts)
 A = Elapsed time spent in this place.
 B = Non-inter-level travel time spent in this place.
 C = Inter-level travel time spent in this place.
 D = Time resting spent in this place.
 E = Time spent auto-exploring this place.
 F = Levels seen in this place.
 G = Mean time per level.
                   A        B        C        D        E       F      G
               +--------+--------+--------+--------+--------+-----+--------+
         Total |   2531 |   2409 |    122 |     26 |   1917 |   4 |  632.8 |
       Dungeon |   2531 |   2409 |    122 |     26 |   1917 |   4 |  632.8 |
               +--------+--------+--------+--------+--------+-----+--------+

Top non-repeatable levels by time:
     D:1: 944 daAuts
     D:3: 648 daAuts
     D:2: 529 daAuts
     D:4: 409 daAuts
